 Dungeon Crawl Stone Soup version 0.31-a0-1300-gb6740aa4e6 (webtiles) character file.

Game seed: 14970005270555039467

90 gelatine the Grasshopper (level 4, -1/34 HPs)
             Began as an Armataur Warper on Dec 19, 2023.
             Slain by Robin
             ... wielding a +1 spear of venom
              (4 damage)
             ... on level 3 of the Dungeon.
             The game lasted 00:05:32 (1887 turns).

gelatine the Grasshopper (Armataur Warper)          Turns: 1887, Time: 00:05:32

Health: -1/34      AC:  4    Str: 18    XL:     4   Next: 32%
Magic:  7/7        EV:  9    Int: 14    God:
Gold:   149        SH:  3    Dex:  9    Spells: 5/7 levels left

rFire   . . .        l - +2 spear (vamp)
rCold   . . .        j - +0 buckler
rNeg    . . .        r - +0 robe
rPois   .            (no helmet)
rElec   .            (no cloak)
rCorr   .            (no gloves)
SInv    .            (no barding)
Will    .....        (no amulet)
Stlth   +            (no ring)
HPRegen 0.25/turn    (no ring)
MPRegen 0.10/turn

%: roll
@: lethally poisoned (-1 -> -8)
A: large, deformed body, tough skin 3, armoured tail, roll 1, long tongue
a: no special abilities


You were on level 3 of the Dungeon.
You visited 1 branch of the dungeon, and saw 3 of its levels.

You collected 149 gold pieces.

Inventory:

Hand Weapons
 a - a +0 hand axe
 l - a +2 vampiric spear (weapon)
Missiles
 d - 7 darts of dispersal (quivered)
 o - 4 poisoned darts
Armour
 b - a +0 leather armour
 j - a +0 buckler (worn)
 r - a +0 robe (worn)
Jewellery
 t - an amulet of faith
Scrolls
 c - a scroll of blinking
 e - a scroll of butterflies {unknown}
 f - 9 scrolls of identify {unknown}
 g - a scroll of acquirement {unknown}
 k - 2 scrolls of revelation {unknown}
 m - a scroll of poison {unknown}
Potions
 h - a potion of curing {unknown}
 i - 2 potions of resistance {unknown}
 n - a potion of mutation {unknown}
 p - 2 potions of haste {unknown}
 q - a potion of heal wounds {unknown}
 s - a potion of degeneration {unknown}
 u - a potion of enlightenment {unknown}


   Skills:
 * Level 2.6 Fighting
 + Level 2.0(2.1) Axes
 + Level 0.9(1.5) Polearms
 + Level 0.8 Throwing
 + Level 1.6 Armour
 * Level 1.8 Dodging
 + Level 0.1 Stealth
 + Level 2.0 Spellcasting
 + Level 3.3 Translocations


You had 5 spell levels left.
You knew the following spells:

 Your Spells              Type           Power      Damage    Failure   Level
a - Blink                 Tloc           20%        N/A       12%         2

Your spell library contained the following spells:

 Spells                   Type           Power      Damage    Failure   Level
 Lesser Beckoning         Tloc           20%        N/A       12%         2
 Teleport Other           Tloc           10%        N/A       24%         3
 Manifold Assault         Tloc           10%        N/A       61%         4
 Vhi's Electric Charge    Tloc/Air       12%        N/A       83%         4


Dungeon Overview and Level Annotations

Branches:
Dungeon (3/15)

Altars:

Annotations:
D:3 Robin


Innate Abilities, Weirdness & Mutations

Armour fits poorly on your strangely shaped body.
You have extremely tough skin. (AC +3)
You have a long armoured tail.
You regenerate magic when rolling toward enemies. (Rampage MPRegen)
Your long tongue fully drains potion bottles. (2x potion effects)


Message History

Robin throws the goblin at you! The goblin barely misses you.
The goblin hits you but does no damage.
Robin roars a battlecry!
The goblins go into a battle-frenzy!
The goblin hits you with a +0 dagger. The goblin barely misses you.
You barely miss the goblin.
Your tail-slap misses the goblin.
You feel sick. Robin barely misses you. The goblin hits you but does no damage.
The goblin hits you with a +0 vampiric dagger.
The goblin draws strength from your wounds!
You puncture the goblin!
You feel better.
You kill the goblin!
You feel sick. Robin throws the goblin at you! The goblin barely misses you.
The goblin hits you with a +0 dagger.
You hit the goblin.
You kill the goblin!
You feel sick. Robin barely misses you. The goblin hits you with a +0 dagger.
Unknown command.
You feel sick. Robin closely misses you.
The goblin hits you but does no damage.
Things that are here:
a +0 dagger; a goblin corpse You hit the goblin.
You feel better.
The goblin is severely wounded.
You feel sick. The goblin hits you with a +0 dagger.
Unknown command.
You feel sick. The goblin attacks as it pursues you!
The goblin barely misses you.
You hit the goblin.
You kill the goblin!
You feel sick.
You are no longer poisoned.
Robin hits you from afar with a +1 spear of venom.
* * * LOW HITPOINT WARNING * * *
You are lethally poisoned!
* * * LOW HITPOINT WARNING * * *
You feel very sick. Robin attacks as they pursue you!
Robin hits you from afar with a +1 spear of venom.
You die...
Robin says, "And that's why I'm the boss."

###.##.#
##...#.#
######.###..#
#......# #..#
#.####.###.##
#.# ##...##
#.# ##.## #
#.# #.# #[.
#@# #.# #...#
#.# #.#
.....g##g#
#.#
....gg..$#
#.#
....gg####
#.# #.... ..#
#... #.# #


You could see Robin.

Vanquished Creatures
  3 adders
  A worm (D:3)
  2 dart slugs
  6 ball pythons
  3 bats
  An endoplasm (D:2)
  2 giant cockroaches (D:1)
  10 goblins
  7 hobgoblins
  2 jackals (D:1)
  2 quokkas (D:1)
  7 frilled lizards
  2 kobolds
  4 rats
52 creatures vanquished.

Notes
Turn   | Place    | Note
-------+----------+-------------------------------------------
     0 | D:1      | gelatine the Armataur Warper began the quest for the Orb.
     0 | D:1      | Reached XP level 1. HP: 16/16 MP: 3/3
    67 | D:1      | Reached XP level 2. HP: 15/22 MP: 4/4
   585 | D:1      | Reached XP level 3. HP: 27/27 MP: 5/5
   599 | D:1      | Learned a level 2 spell: Blink
   616 | D:2      | Found a faded altar of an unknown god.
  1486 | D:3      | Reached XP level 4. HP: 34/34 MP: 5/7
  1876 | D:3      | Noticed Robin
  1887 | D:3      | Slain by Robin

Illustrated notes

Levels and vault maps discovered:
D:1:      psy_arrival_whirlpool, layout_loops_ring
D:2:      layout_loops_ring, nicolae_ecumenical_oubliette
D:3:      layout_loops_ring, kennysheep_generic_room_15, uniq_robin

Skill      XL: |  1  2  3 |
---------------+----------+-----
Fighting       | 2 |  2.6
Axes           | 2 |  2.0
Spellcasting   | 2 |  2.0
Polearms       | |  0.9
Throwing       | |  0.8
Armour         | |  1.6
Dodging        | |  1.8
Stealth        | |  0.1
Translocations | |  3.3

Action                     |  1- 3 |  4- 6 || total
---------------------------+-------+-------++-------
  Melee: Hand axe          |    56 |       ||    56
         Tailslap          |    11 |     2 ||    13
         Spear             |    55 |    42 ||    97
   Cast: Blink             |     3 |       ||     3
 Armour: Leather armour    |    66 |       ||    66
         Robe              |     6 |    41 ||    47
  Dodge: Dodged            |    61 |    22 ||    83
  Block: Buckler           |     6 |     8 ||    14

Table legend: (Time is in decaauts)
 A = Elapsed time spent in this place.
 B = Non-inter-level travel time spent in this place.
 C = Inter-level travel time spent in this place.
 D = Time resting spent in this place.
 E = Time spent auto-exploring this place.
 F = Levels seen in this place.
 G = Mean time per level.
                   A        B        C        D        E       F      G
               +--------+--------+--------+--------+--------+-----+--------+
         Total |   1907 |   1828 |     79 |      0 |   1406 |   3 |  635.7 |
       Dungeon |   1907 |   1828 |     79 |      0 |   1406 |   3 |  635.7 |
               +--------+--------+--------+--------+--------+-----+--------+

Top non-repeatable levels by time:
     D:2: 720 daAuts
     D:1: 655 daAuts
     D:3: 532 daAuts
